Map: Acid Plant LE

Players

Kelazhur

  • Race: Terran Terran
  • League: Master
  • Spawn Location: 5:00

lIIllllIIlll (INnoVation) - Winner!

  • Race: Terran Terran
  • League: Master
  • Spawn Location: 11:00

Event: HomeStory Cup XVIII

VOD

Have the link to the VOD?

Description

Time

  • Played on: Nov. 22, 2018, 12:32 p.m.
  • Length: 7:28

All games in this series

Show
View Real Time Build Order
Export as new Build Order

Kelazhur Terran 

Build Orders: 1/1/1, Cyclone Opening 

Get SALT Encoding   

  12  0:00  SCV  
  13  0:12  SCV  
  14  0:17  Supply Depot  
  14  0:24  SCV  
  15  0:39  SCV  
  15  0:40  Barracks  
  16  0:45  Refinery  
  16  0:51  SCV  
  16  0:55  Refinery  
  17  1:03  SCV  
  18  1:15  SCV  
  19  1:27  Reaper, Orbital Command  
  20  1:40  Supply Depot  
  20  1:43  Factory  
  20  1:53  SCV  
  21  1:59  Reaper  
  22  2:06  SCV  
  22  2:26  SCV  
  22  2:27  Factory Tech Lab  
  22  2:29  Starport  
  23  2:38  SCV  
  24  2:46  Cyclone  
  24  2:47  Supply Depot  
  24  2:50  SCV  
  28  2:53  Liberator  
  28  3:02  SCV  
  32  3:15  SCV  
  32  3:18  Supply Depot  
  26  3:27  SCV  
  26  3:40  SCV  
  27  3:47  Command Center  
  27  3:48  Cyclone  
  28  3:52  SCV  
  29  3:57  Viking  
  31  4:04  SCV  
  31  4:08  Barracks Reactor  
  32  4:16  SCV  
  33  4:20  Cyclone  
  36  4:28  SCV  
  36  4:29  Viking  
  38  4:42  SCV  
  38  4:52  Marine  
  38  4:54  Marine, SCV  
  41  5:06  Orbital Command  
  41  5:10  Marine  
  41  5:12  Marine  
  40  5:15  SCV  
  40  5:21  Siege Tank  
  44  5:27  SCV  
  45  5:28  Marine  
  45  5:29  Marine, Starport Tech Lab  
  45  5:33  SCV  
  48  5:39  SCV  
  49  5:45  SCV  
  49  5:46  Marine  
  49  5:47  Marine  
  52  5:51  SCV  
  52  5:55  Siege Tank  
  52  5:56  Supply Depot  
  56  5:58  SCV  
  56  6:01  Raven  
  59  6:05  Marine x2  
  59  6:06  SCV  
  62  6:15  Supply Depot  
  62  6:18  Supply Depot, SCV  
  63  6:19  SCV  
  64  6:26  Marine x2  
  64  6:30  Siege Tank, SCV  
  70  6:37  SCV  
  71  6:42  SCV  
  72  6:49  Barracks  
  72  6:50  Barracks, SCV  
  72  6:54  Marine, SCV  
  74  6:56  Starport Reactor  
  75  7:04  SCV  
  75  7:06  Refinery, SCV  
  75  7:07  Refinery  
  77  7:16  SCV  
Show
View Real Time Build Order
Export as new Build Order

lIIllllIIlll Terran - Winner!

Build Orders: 1/1/1, Liberator Opening 

Get SALT Encoding   

  12  0:00  SCV  
  13  0:12  SCV  
  14  0:17  Supply Depot  
  14  0:24  SCV  
  14  0:28  Refinery  
  15  0:38  SCV  
  16  0:44  Barracks  
  16  0:51  SCV  
  16  0:55  Refinery  
  17  1:03  SCV  
  18  1:15  SCV  
  19  1:30  Orbital Command  
  19  1:31  Reaper  
  20  1:35  Factory  
  20  1:43  Supply Depot  
  20  1:56  SCV  
  21  2:03  Reaper  
  22  2:08  SCV  
  23  2:19  Hellion  
  23  2:20  SCV  
  26  2:29  Starport, Supply Depot  
  26  2:33  SCV  
  26  2:35  Marine  
  28  2:40  Hellion  
  30  2:45  SCV  
  30  2:47  Liberator  
  31  3:00  SCV  
  31  3:02  Hellion  
  37  3:06  Supply Depot, Barracks Reactor  
  37  3:12  SCV  
  37  3:28  SCV  
  34  3:34  Command Center  
  34  3:40  SCV  
  33  3:47  Factory Tech Lab  
  33  3:48  Marine x2  
  31  3:49  Starport Tech Lab  
  31  3:52  SCV  
  34  4:05  Cyclone, SCV  
  34  4:07  Marine x2  
  34  4:09  Raven  
  42  4:16  Supply Depot  
  42  4:18  SCV  
  43  4:25  Marine x2  
  43  4:30  SCV  
  42  4:42  SCV  
  36  4:47  Orbital Command  
  36  4:49  Siege Tank  
  39  4:54  Marine  
  39  4:55  Marine  
  39  5:00  SCV  
  39  5:12  SCV  
  35  5:14  SCV  
  35  5:16  Raven  
  35  5:17  Marine x2  
  40  5:25  SCV  
  40  5:27  SCV  
  42  5:30  Refinery  
  42  5:34  Marine  
  42  5:35  Marine  
  44  5:38  SCV  
  44  5:39  SCV  
  44  5:41  Siege Tank  
  49  5:50  SCV  
  49  5:51  SCV  
  51  6:02  SCV  
  51  6:03  SCV  
  53  6:05  Supply Depot  
  53  6:14  SCV  
  53  6:15  SCV  
  53  6:16  Marine, Siege Tank  
  53  6:17  Viking  
  61  6:19  Viking  
  63  6:26  SCV  
  63  6:29  Supply Depot  
  64  6:34  Marine  
  64  6:36  SCV  
  64  6:39  SCV  
  67  6:47  Viking  
  67  6:50  Viking  
  67  6:53  SCV  
  67  6:54  SCV  
  73  6:59  Supply Depot  
  73  7:06  SCV  
  73  7:07  SCV  
  78  7:09  Marine  
  79  7:21  Supply Depot  
Tags
 
Add a new tag
Caveats
  • Supply blocks, unpowered buildings, or Contaminate may cause inaccurate times.
  • Supply counts are checked every 10 seconds.